 Dungeon Sprint DCSS version 0.21-a0-400-g417d9d2 (webtiles) character file.

25 Amnesiac the Sneak (level 2, -3/19 HPs)
             Began as a Demonspawn Earth Elementalist on Oct 20, 2017.
             Slain by Sigmund
             ... wielding a +0 scythe
              (4 damage)
             ... in the Dungeon (Sprint I: "Red Sonja").
             The game lasted 00:01:10 (260 turns).

Amnesiac the Sneak (Demonspawn Earth Elementalist)   Turns: 260, Time: 00:01:11

Health: -3/19      AC:  4    Str:  8    XL:     2   Next: 82%
Magic:  0/5        EV: 12    Int: 16    God:
Gold:   108        SH:  0    Dex: 13    Spells: 2/5 levels left

rFire    . . .     SeeInvis .   a - +0 dagger
rCold    . . .     Gourm    .   (no shield)
rNeg     . . .     Faith    .   c - +0 robe
rPois    .         Spirit   .   (no helmet)
rElec    .         Reflect  .   (no cloak)
rCorr    .         Harm     .   (no gloves)
MR       .....     NoTele   +   (no boots)
Stlth    +++.......             (no amulet)
HPRegen  0.06/turn              (no ring)
MPRegen  0.09/turn              (no ring)

@: very slightly contaminated
A: iridescent scales 1
a: no special abilities


You were in the Dungeon.
You were not hungry.

You visited 1 branch You collected 108 gold pieces.

Inventory:

Hand Weapons
 a - a +0 dagger (weapon)
Missiles
 b - 18 stones (quivered)
Armour
 c - a +0 robe (worn)
Scrolls
 j - a scroll of blinking {!r}
Books
 k - a book of Geomancy

   Spells                             Type                      Level
   a - Sandblast                      Earth                        1
   b - Passwall                       Transmutation/Earth          2
   c - Stone Arrow                    Conjuration/Earth            3
   d - Petrify                        Transmutation/Earth          4
   e - Lee's Rapid Deconstruction     Earth                        5
Comestibles
 d - a bread ration


   Skills:
 + Level 0.0 Short Blades
 - Level 1.7 Dodging
 - Level 6.0 Stealth
 - Level 2.0 Spellcasting
 - Level 0.8 Transmutations
 - Level 2.6 Earth Magic


You had 2 spell levels left.
You knew the following spells:

 Your Spells              Type           Power        Failure   Level  Hunger
a - Sandblast             Erth           ##....       7%          1    #......
b - Passwall              Tmut/Erth      #.........   16%         2    ###....


Dungeon Overview and Level Annotations

Branches:
Dungeon (1/1)

Altars:

Annotations:
D Sigmund


Innate Abilities, Weirdness & Mutations

You are partially covered in iridescent scales. (AC +2)


Message History

The helpless Sigmund fails to defend himself.
You impale Sigmund!!
Sigmund is heavily wounded.
Sigmund completely misses you.
Casting: Passwall
Confirm with . or Enter, or press ? or * to list all spells.
Aiming: Sandblast
Press: ? - help, Shift-Dir - straight line, f - Sigmund
Aim: Sigmund, wielding a scythe and wearing a robe (heavily wounded)
The blast of sand misses Sigmund.
b - 20 stones
Casting: Sandblast
Confirm with . or Enter, or press ? or * to list all spells.
Aiming: Sandblast
Press: ? - help, Shift-Dir - straight line, f/p - Sigmund
Aim: Sigmund, wielding a scythe and wearing a robe (heavily wounded)
The blast of sand hits Sigmund.
Sigmund is severely wounded.
b - 19 stones Sigmund barely misses you.
Casting: Sandblast
Confirm with . or Enter, or press ? or * to list all spells.
Aiming: Sandblast
Press: ? - help, Shift-Dir - straight line, f/p - Sigmund
Aim: Sigmund, wielding a scythe and wearing a robe (severely wounded)
The blast of sand hits Sigmund.
Sigmund is severely wounded.
b - 18 stones Sigmund misses you.
Casting: Sandblast
Confirm with . or Enter, or press ? or * to list all spells.
You don't have enough magic to cast that spell.
You hit Sigmund but do no damage.
Sigmund is severely wounded.
You closely miss Sigmund.
Sigmund is severely wounded.
Sigmund closely misses you.
You aren't carrying any potions.
You closely miss Sigmund.
Sigmund is severely wounded.
Sigmund gestures at you while chanting. The magic dart hits you!
You barely miss Sigmund.
Sigmund is severely wounded.
Sigmund points at you and mumbles some strange words.
The puff of flame hits you!
Casting: Sandblast
Confirm with . or Enter, or press ? or * to list all spells.
Aiming: Sandblast
Press: ? - help, Shift-Dir - straight line, f/p - Sigmund
Aim: Sigmund, wielding a scythe and wearing a robe (severely wounded)
You miscast Sandblast.
You are very lightly contaminated with residual magic.
You hear a distant rumble.
Sigmund casts a spell.
Sigmund flickers and vanishes!
Deactivating autopickup; reactivate with Ctrl-A.
You closely miss something. Something hits you!
* * * LOW HITPOINT WARNING * * *
You hit something. You barely miss something. Something hits you.
* * * LOW HITPOINT WARNING * * *
You miss something. Something hits you.
You die...

####### ####
#<.#..+ #.{+
#..'..# +@.#
#..#####+####
#.[# #..#
#..# ####
#..# #⌠⌠#
#### #..#
####


There were no monsters in sight!

Vanquished Creatures
  Ijyb (D)
1 creature vanquished.

Notes
Turn   | Place    | Note
-------+----------+-------------------------------------------
     0 | D        | Amnesiac the Demonspawn Earth Elementalist began the quest for the Orb.
     0 | D        | Reached XP level 1. HP: 13/13 MP: 3/3
     1 | D        | Noticed Ijyb
    42 | D        | Killed Ijyb
    42 | D        | Reached skill level 6 in Stealth
    42 | D        | Gained mutation: You are partially covered in iridescent scales. (AC +2) [demonic ancestry]
    42 | D        | Reached XP level 2. HP: 15/19 MP: 3/5
   111 | D        | Learned a level 2 spell: Passwall
   248 | D        | Noticed Sigmund
   260 | D        | Slain by Sigmund

Vault maps used:
D:        dungeon_sprint_1

Skill      XL: |  1 |
---------------+----+-----
Stealth        | 6 |  6.0
Dodging        | |  1.7
Spellcasting   | |  2.0
Transmutations | |  0.8
Earth Magic    | |  2.6

Action                   || total
-------------------------++-------
Melee: Unarmed           ||    14
       Dagger            ||     9
 Cast: Sandblast         ||    12
       Passwall          ||     7
  Use: Potion            ||     6
 Stab: Sleeping          ||     1
Armor: Robe              ||     3
Dodge: Dodged            ||    17

Table legend:
 A = Spawn XP
 B = Non-spawn XP
 C = Spawn XP percentage of total XP
 D = Spawn monster count
 E = Non-spawn monster count
 F = Spawn count percentage of total count
 G = Total turns spent on level
                    A         B        C        D         E        F      G
               +---------+---------+-------+---------+---------+-------+---------
         Total |       0 |      36 |   0.0 |       0 |       1 |   0.0 |   260
               +---------+---------+-------+---------+---------+-------+---------
             D |       0 |      36 |   0.0 |       0 |       1 |   0.0 |   260
               +---------+---------+-------+---------+---------+-------+---------
